Unix NetHack Version 3.7.0-58 Work-in-progress - last build May 9 2022 01:57:28 (68cf6e19034123fb635188453c0de67a0aba65fd,branch:master). Game began 2022-05-12 20:42:36, ended 2022-05-25 22:26:05. galadriel, chaotic male human Priest ------- ----- |.....|-- ------...| |(*...-.| |........| --|%....|-| |........| |A-[..%.+.| ----.------- |.|.....|-| --.........| |.|..%..-.| |..........| |.|.....|-- |..........| |@|------ --------%----- |.| |............| |.| |............| |.| |----.-------- |.| |.0.......0.| |D| |...........| |@| ------.------- |.----------------.......| |...............%.).....>| -------------------------- Galadriel the Adept St:16 Dx:12 Co:14 In:14 Wi:18 Ch:10 Chaotic S:19125 Dlvl:2 $:0 HP:0(63) Pw:146(146) AC:-3 Xp:9/4544 T:9346 Hallu Latest messages: l - a dagger (at the ready). You swap places with your dog. You see here a dagger. l - a dagger (at the ready). You see here a dagger. l - a dagger (at the ready). You see here a dagger. l - a dagger (at the ready). Wait! There's something there you can't see! You hit it. It hits! You miss it. You hit it. It misses! You hit it. It hits! You hit it. You attack thin air. You hear some noises in the distance. Wait! There's something there you can't see! It hits! You hit it. You attack thin air. It misses! You kill it! You see here a stalker corpse. You attack thin air. It explodes! You are caught in a blast of kaleidoscopic light! You are freaked out. Blork the orc butts! The rock piercer kicks! The lernaean hydra butts! The leather golem kicks! You hear some noises. The floating point butts! The wight supremacist misses! The ninja pirate zombie robot just misses! The xan just misses! The catoblepas eats a stalker corpse. You hear some noises in the distance. The red naga hatchling pops! You hit the fire ant! The zergling butts! The fog cloud kicks! The lizard misses! The erinys kicks! You die... Do you want your possessions identified? [ynq] (y) y Do you want to see your attributes? [ynq] (y) q Major events: Turn 1: galadriel the chaotic human Priest entered the dungeon 479: attained the rank of Acolyte (level 3) 1640: entered the Gnomish Mines 2326: attained the rank of Adept (level 6) 3608: reached Mine Town 4582: entered Sokoban 4905: completed sokoban 1 5391: completed sokoban 2 6646: completed sokoban 3 7609: completed sokoban 4 8076: destroyed nurdglaw's ghost, the former Rogue 9346: killed by a hallucinogen-distorted white unicorn Inventory: Weapons a - 3 blessed +0 darts l - 5 +0 daggers (at the ready) o - a +5 spear v - a thoroughly rusty +0 mace (weapon in hand) Armor z - a thoroughly rusty +0 dwarvish iron helm (being worn) t - a +0 pair of leather gloves (being worn) y - a fireproof +1 pair of speed boots (being worn) c - a +0 small shield (being worn) b - a blessed +0 robe (being worn) r - a +1 dwarvish mithril-coat (being worn) Comestibles G - 2 slime molds j - 4 food rations C - a fortune cookie q - 2 tripe rations Rings F - a ring of conflict W - a ring of levitation Wands H - a wand of magic missile named empty (0:0) D - a blessed wand of striking named empty (0:0) X - a wand of teleportation (0:5) Tools i - a sack containing 1 item x - a brass lantern k - a skeleton key s - a stethoscope n - a tallow candle Gems/Stones h - 6 worthless pieces of orange glass Contents of the sack: 589 gold pieces Galadriel the Priest's attributes: Background: You were an Adept, a level 9 human Priest. You were chaotic, on a mission for Offler who was opposed by Blind Io (lawful) and The Lady (neutral). You were in Sokoban, on level 2. You entered the dungeon 9346 turns ago. It was nighttime. You had 4544 experience points, 576 more were needed to attain level 10. Your score was 19125 before end-of-game adjustments. Basics: You had 0 out of 63 hit points. You had all 146 energy points (spell power). Your armor class was -3. Your wallet was empty. Autopickup was off. Final Characteristics: Your strength was 16 (limit:18/100). Your dexterity was 12 (limit:18). Your constitution was 14 (limit:18). Your intelligence was 14 (limit:18). Your wisdom was 18 (limit:18). Your charisma was 10 (limit:18). Final Status: You were hallucinating. You were not hungry. You were unencumbered. You were wielding a mace. You had expert skill with mace. Final Attributes: You were piously aligned. You were cold resistant. You were guarded. You were very fast. You were unlucky. You are dead. Miscellaneous: You encountered 1 bones level. Total elapsed playing time was 3 hours, 36 minutes and 23 seconds. Vanquished creatures: a ghost 2 giant mimics a stalker a warg a winter wolf a small mimic a xan a large cat 2 tengu an ochre jelly 2 elf mummies a python a soldier a chameleon a giant beetle a cockatrice 3 wolves a leprechaun an iron piercer a horse a black light 2 vampire bats a forest centaur an orc mummy a rust monster an owlbear a yeti a werewolf 2 Green-elves a lizard a jaguar a dwarf leader 3 dust vortices a snake 2 human zombies a rope golem 3 soldier ants 3 wood nymphs a water nymph 2 mountain nymphs 6 Mordor orcs an Uruk-hai an orc shaman a rock piercer a rock mole 2 yellow lights 3 shriekers 3 violet fungi 5 gnome leaders 3 gnomish wizards a golden naga hatchling 3 elf zombies a straw golem a paper golem a baby crocodile 5 giant ants 2 kittens 11 dwarves 2 kobold leaders 10 hill orcs 4 rothes 4 giant bats 2 monkeys 4 orc zombies 4 dwarf zombies 2 wererats 2 werejackals 2 iguanas 26 killer bees 2 acid blobs 5 coyotes a gas spore 4 hobbits 2 large kobolds 2 hobgoblins 7 giant rats a cave spider a brown mold 3 green molds a red mold 31 gnomes 4 garter snakes 5 geckos 6 jackals 4 foxes 2 kobolds 3 goblins 5 grid bugs 2 bats 10 lichens a kobold zombie 12 newts 282 creatures vanquished. No species were genocided or became extinct. Voluntary challenges: You read items or engraved 12 times. You never engraved Elbereth. You never genocided any monsters. You never polymorphed an object. You never changed form. You used no wishes. You violated the special Sokoban rules once. Achievements: You attained the rank of Acolyte. You entered a shop. You entered the Gnomish Mines. You attained the rank of Adept. You entered Minetown. You entered a temple. You entered Sokoban. The Dungeons of Doom: levels 1 to 8 Level 1: "+" Some fountains. Level 2: A potion shop, an altar, a fountain. Level 3: Stairs down to The Gnomish Mines. Level 4: A fountain. Level 5: Level 6: An altar, a fountain. Stairs up to Sokoban, level 5. Level 7: Final resting place for nurdglaw-Rog-Hum-Mal-Cha, killed by a rope golem. Level 8: The Gnomish Mines: levels 4 to 8 Level 4: Level 5: Level 6: Level 7: Many shops, a temple, some fountains. Level 8: Sokoban: levels 5 up to 2 Level 2: <- You were here. Solved. Final resting place for you, killed by a hallucinogen-distorted white unicorn. Level 3: Solved. Level 4: Solved. Level 5: "uStash" Solved. Game over: ---------- / \ / REST \ / IN \ / PEACE \ / \ | galadriel | | 589 Au | | killed by a | | hallucinogen-dis | | torted white | | unicorn | | 2022 | *| * * * | * _________)/\\_//(\/(/\)/\//\/|_)_______ Goodbye galadriel the Priest... You died in Sokoban on dungeon level 2 with 19067 points, and 589 pieces of gold, after 9346 moves. You were level 9 with a maximum of 63 hit points when you died.